 Dungeon Crawl Stone Soup version 0.28.0-47-ge53b351184 (webtiles) character file.

Game seed: 4814196850322601794

247 safid the Chopper (level 6, 0/52 HPs)
             Began as a Hill Orc Fighter on May 3, 2022.
             Slain by a kobold
             ... wielding a +0 short sword
              (2 damage)
             ... on level 4 of the Dungeon.
             The game lasted 00:04:06 (3330 turns).

safid the Chopper (Hill Orc Fighter)                Turns: 3330, Time: 00:04:06

Health: 0/52       AC:  9    Str: 27    XL:     6   Next: 11%
Magic:  6/6        EV:  9    Int:  8    God:
Gold:   101        SH:  4    Dex: 10    Spells: 5/5 levels left

rFire   . . .      SeeInvis .   a - +0 war axe
rCold   . . .      Faith    .   c - +0 buckler
rNeg    . . .      Spirit   .   b - +0 scale mail
rPois   +          Reflect  .   (no helmet)
rElec   .          Harm     .   f - +0 cloak
rCorr   .          Rampage  .   (no gloves)
Will    .....                   x - +0 pair of boots
Stlth   ..........              t - amulet of regeneration
HPRegen 0.97/turn               l - ring of poison resistance
MPRegen 0.10/turn               w - +6 ring of strength

@: mighty
A: no striking features
a: no special abilities


You were on level 4 of the Dungeon.
You visited 1 branch of the dungeon, and saw 5 of its levels.

You collected 101 gold pieces.

Inventory:

Hand Weapons
 a - a +0 war axe (weapon)
Armour
 b - a +0 scale mail (worn)
 c - a +0 buckler (worn)
 f - a +0 cloak (worn)
 x - a +0 pair of boots (worn)
Jewellery
 l - a ring of poison resistance (left hand)
 p - an amulet of reflection
 q - a ring of ice
 t - an amulet of regeneration (around neck)
 w - a +6 ring of strength (right hand)
Scrolls
 e - a scroll of fear {unknown}
 g - 2 scrolls of identify {unknown}
 j - a scroll of enchant weapon {unknown}
 m - a scroll of amnesia {unknown}
 r - 2 scrolls of enchant armour {unknown}
 s - a scroll of teleportation {unknown}
 u - a scroll of holy word {unknown}
 v - a scroll of immolation {unknown}
Potions
 h - a potion of flight {unknown}
 i - 2 potions of degeneration {unknown}
 k - a potion of curing {unknown}
 n - a potion of heal wounds {unknown}
 o - 2 potions of berserk rage {unknown}


   Skills:
 - Level 4.0 Fighting
 + Level 7.0 Axes
 - Level 4.0 Armour
 - Level 4.0 Shields


You had 5 spell levels left.
You didn't know any spells.
Your spell library contained the following spells:

 Spells                   Type           Power      Damage    Failure   Level
 Animate Skeleton         Necr           0%         N/A       77%         1
 Apportation              Tloc           0%         N/A       77%         1
 Summon Small Mammal      Summ           0%         N/A       77%         1
 Leda's Liquefaction      Hex/Erth       0%         N/A       100%        4
 Lee's Rapid Deconstruct  Erth           0%         3d5*      100%        5
 Statue Form              Tmut/Erth      0%         N/A       100%        6


Dungeon Overview and Level Annotations

Branches:
Dungeon (5/15)
 Temple: D:4-7

Altars:
Xom

Shops:
D:1 (

Annotations:
D:3 1 runed translucent door, Crazy Yiuf
D:4 Edmund


Message History

Edmund hits you with a +8 flail of protection.
Unknown command.
You slash Edmund!
Edmund is moderately wounded.
You hit the hound skeleton.
The hound skeleton bites you but does no damage.
Edmund says, "Everyone always remembers my brother. 'Who's Edmund?' they ask!"
Edmund hits you with a +8 flail of protection!
The hound skeleton bites you but does no damage.
The giant cockroach bites you but does no damage.
You closely miss Edmund.
Edmund is moderately wounded.
You slash the hound skeleton!
You destroy the hound skeleton!
You barely miss the giant cockroach.
Edmund hits you with a +8 flail of protection!
The giant cockroach bites you but does no damage.
Your Axes skill increases to level 7!
You hit Edmund but do no damage.
Edmund is moderately wounded.
You barely miss the giant cockroach. The giant cockroach closely misses you.
Edmund hits you with a +8 flail of protection!
The giant cockroach closely misses you.
Edmund hits you with a +8 flail of protection.
Unknown command.
You hit Edmund.
Edmund is heavily wounded.
You barely miss the giant cockroach.
The giant cockroach bites you but does no damage.
Edmund hits you with a +8 flail of protection!
* * * LOW HITPOINT WARNING * * *
Unknown command.
You slice Edmund!!
Edmund is almost dead.
You closely miss the kobold. You slash the giant cockroach!
You kill the giant cockroach!
Edmund hits you with a +8 flail of protection!
* * * LOW HITPOINT WARNING * * *
The kobold hits you with a +0 short sword.
You die...

##### #......#
#......##
#.........
######....####.
#.........#
#.........# .
#.........##
....#..."........
........@.....#.#
.......†@K....#.#
.................
............[....
##........P.PPP.P
..........P#..#.
##........≈≈≈≈≈≈
##.............


You could see Edmund and a kobold.

Vanquished Creatures
  A centaur zombie (D:4)
  A hound (D:4)
  A jelly (D:3)
  A hound skeleton (D:4)
  6 adders
  2 gnolls
  4 dart slugs
  An orc (D:3)
  13 endoplasms
  4 giant cockroaches
  5 goblins
  4 hobgoblins
  4 jackals (D:3)
  2 quokkas
  3 ball pythons (D:1)
  6 bats
  A frilled lizard (D:3)
  2 kobolds (D:1)
  4 rats
65 creatures vanquished.

Notes
Turn   | Place    | Note
-------+----------+-------------------------------------------
     0 | D:1      | safid the Hill Orc Fighter began the quest for the Orb.
     0 | D:1      | Reached XP level 1. HP: 19/19 MP: 1/1
   367 | D:1      | Reached skill level 3 in Axes
   367 | D:1      | Reached XP level 2. HP: 23/27 MP: 2/2
  1018 | D:1      | Found Othaig Cejyc's Weapon Boutique.
  1150 | D:2      | Reached XP level 3. HP: 33/33 MP: 3/3
  1454 | D:2      | Found a faded altar of an unknown god.
  2160 | D:2      | Found a shimmering altar of Xom.
  2411 | D:3      | Reached XP level 4. HP: 39/40 MP: 4/4
  2434 | D:3      | Reached skill level 4 in Axes
  2617 | D:3      | Found a shimmering altar of Xom.
  2941 | D:3      | Found a runed translucent door.
  2942 | D:3      | Noticed Crazy Yiuf
  2993 | D:3      | Reached skill level 5 in Axes
  2993 | D:3      | Reached XP level 5. HP: 45/46 MP: 5/5
  3218 | D:4      | Reached skill level 6 in Axes
  3242 | D:4      | You fall into a shaft and drop 1 floor!
  3242 | D:5      | Entered Level 5 of the Dungeon
  3242 | D:5      | Noticed a necrophage
  3260 | D:5      | Noticed an ice beast
  3297 | D:4      | Reached XP level 6. HP: 51/52 MP: 6/6
  3319 | D:4      | Noticed Edmund
  3328 | D:4      | Reached skill level 7 in Axes
  3330 | D:4      | HP: 2/52 [Edmund/+8 flail of protection (8)]
  3330 | D:4      | Slain by a kobold

Illustrated notes

Levels and vault maps discovered:
D:1:      dpeg_arrival_lava_temple_mockup, layout_loops_ring, serial_shops,
          nicolae_shop_hallway_stairs, minmay_misc_feat_more_columns,
          minmay_nonomino_d4
D:2:      layout_basic, ebering_ecumenical_altar_sacrificial, basic_altar
D:3:      layout_rooms, xom_teletrap_fun, uniq_crazy_yiuf_cottage
D:4:      layout_rooms, nicolae_elyvilon_temple_path, zin_statuary, uniq_ijyb,
          uniq_edmund, uniq_natasha
D:5:      layout_layer_cave, uniq_sigmund

Skill      XL: |  1  2  3  4  5  6 |
---------------+-------------------+-----
Axes           | 3 5 6 7 |  7.0
Fighting       | 4 |  4.0
Armour         | 4 |  4.0
Shields        | 4 |  4.0

Action                   |  1- 3 |  4- 6 || total
-------------------------+-------+-------++-------
Melee: War axe           |    94 |    99 ||   193
  Use: Potion            |       |     1 ||     1
Armor: Scale mail        |    53 |    57 ||   110
Dodge: Dodged            |    41 |    40 ||    81
Block: Buckler           |    24 |    37 ||    61
